 Dungeon Crawl Stone Soup version 0.18.1-8-gdd0e5ea (webtiles) character file.

3918 Scarto the Skirmisher (level 10, -8/78 (79) HPs)
             Began as a Demonspawn Fighter on June 7, 2016.
             Was a Priest of Qazlal.
             Mangled by an orc warrior
             ... wielding a +0 glaive
              (25 damage)
             ... on level 8 of the Dungeon.
             The game lasted 00:16:02 (5942 turns).

Scarto the Skirmisher (Demonspawn Fighter)          Turns: 5942, Time: 00:16:03

HP:   -8/78 (79)    AC: 11    Str: 20    XL:     10   Next: 1%
MP:   15/15         EV:  2    Int: 10    God:    Qazlal [***...]
Gold: 369           SH: 21    Dex: 12    Spells: 0 memorised, 9 levels left

rFire  . . .     SeeInvis .     a - +0 war axe
rCold  + . .     Gourm    .     t - +0 plate armour of Inaction {rCorr}
rNeg   . . .     Faith    .     k - +0 large shield
rPois  .         Spirit   .     (helmet restricted)
rElec  .         Dismiss  .     y - +0 cloak {+Inv}
rCorr  +         Reflect  +     (no gloves)
SustAt .         Harm     .     (no boots)
MR     +....     Rnd*Tele +     n - +2 amulet of reflection
Stlth  ..........               (no ring)
                                d - ring of protection from magic

@: somewhat resistant to hostile enchantments, extremely unstealthy
A: antennae 1, yellow scales 1, camouflage 1, cold resistance 1, deformed body,
powered by death 2, teleportitis 1, freezing cloud immunity
a: Upheaval, Elemental Force, Renounce Religion, Evoke Invisibility


You were on level 8 of the Dungeon.
You worshipped Qazlal.
Qazlal was most pleased with you.
You were not hungry.

You visited 1 branch of the dungeon, and saw 8 of its levels.

You collected 369 gold pieces.

Inventory:

Hand Weapons
 a - a +0 war axe (weapon)
Missiles
 f - 6 tomahawks (quivered)
Armour
 k - a +0 large shield (worn)
 o - a +0 chain mail
 t - the +0 plate armour of Inaction (worn) {rCorr}
   (You found it on level 7 of the Dungeon)

   It protects you from acid and corrosion.
 y - a +0 cloak of invisibility (worn)
Jewellery
 d - a ring of protection from magic (left hand)
 n - a +2 amulet of reflection (around neck)
Scrolls
 b - 4 scrolls of teleportation
 c - 3 scrolls of identify
 g - 2 scrolls of amnesia
 i - a scroll of recharging
 l - a scroll of noise {unknown}
 s - 3 scrolls of remove curse
 u - 3 scrolls of magic mapping
Potions
 e - 2 potions of heal wounds
 h - 5 potions of curing
 j - a potion of berserk rage
 m - a potion of brilliance
 r - 2 potions of flight
 x - a potion of might
Books
 p - a Young Poisoner's Handbook

   Spells                             Type                      Level
   a - Sting                          Conjuration/Poison           1
   b - Cure Poison                    Poison                       2
   c - Mephitic Cloud                 Conjuration/Poison/Air       3
   d - Olgreb's Toxic Radiance        Poison                       4
   e - Venom Bolt                     Conjuration/Poison           5
Comestibles
 v - 8 bread rations
 w - 5 fruits


   Skills:
 + Level 7.3 Fighting
 + Level 6.3 Axes
 + Level 6.6 Armour
 + Level 6.6 Shields
 + Level 7.2 Invocations


You had 9 spell levels left.
You didn't know any spells.

Dungeon Overview and Level Annotations

Branches:
Dungeon (8/15)             Temple (0/1) D:4
   Lair: D:8-11

Altars:
Cheibriados
Elyvilon
Gozag
Kikubaaqudgha
Nemelex Xobeh
Okawaru
Pakellas
Qazlal
Ru
Sif Muna
Trog
Vehumet
Zin
The Shining One


Innate Abilities, Weirdness & Mutations

You have a pair of small antennae on your head.
You are partially covered in yellow scales (AC +2).
Your flesh is cold resistant.
You regenerate health from kills.
You are immune to freezing clouds.
Your skin changes colour to match your surroundings (Stealth).
Armour fits poorly on your strangely shaped body.
You are occasionally teleported next to monsters.


Message History

A sky beast comes into view.
Unknown command.
You hit the orc warrior.
The orc warrior is severely wounded.
The orc warrior hits you with a glaive!
Unknown command.
You hit the orc warrior.
The orc warrior is severely wounded.
You block the orc warrior's attack.
Unknown command.
Your shield and plate armour of Inaction prevent you from hitting the orc warrior.
The orc warrior is severely wounded.
The sky beast flickers out of sight!
Deactivating autopickup; reactivate with Ctrl-A.
The orc warrior hits you with a glaive!
* * * LOW HITPOINT WARNING * * *
You hit the orc warrior.
The orc warrior is almost dead.
The orc warrior hits you with a glaive!!
You die...

###### ##.#
#.....# ##. #.#
....... #.
#.##....... #.
#.#........ ##
#.......... #
##......... #
#........#
#.o......#
...####§@.....##
........)§....#
........{....##
....###..###....
... #..# #### ..
..## ..# #.## ..


You could see an orc warrior.

Vanquished Creatures
  Pikel (D:4)
  Prince Ribbit (D:6)
  Grinder (D:3)
  A spriggan (D:7)
  A wyvern (D:8)
  A hungry ghost (D:8)
  Menkaure (D:5)
  An ice beast (D:5)
  An orc warrior (D:7)
  4 sky beasts
  A necrophage (D:8)
  6 ogres
  2 phantoms
  A giant frog (D:8)
  A scorpion (D:4)
  A jelly (D:8)
  A crimson imp (D:8)
  A quasit (D:7)
  8 orc wizards
  Crazy Yiuf (D:5)
  A centaur skeleton (D:4)
  2 giant frog skeletons
  2 hounds
  An orc priest (D:8)
  8 worker ants
  3 hound skeletons
  2 worker ant zombies
  12 adders
  An ooze (D:6)
  2 adder zombies
  2 adder skeletons
  A worm (D:5)
  2 dart slugs
  7 giant geckos
  42 orcs
  6 bats
  A bat zombie (D:4)
  5 giant cockroaches
  10 goblins
  7 hobgoblins
  12 jackals
  4 kobolds
  3 quokkas
  A ball python (D:2)
  10 giant newts
  A quokka skeleton (D:6)
  6 rats
  A rat zombie (D:4)
  A fungus (D:5)
192 creatures vanquished.

Vanquished Creatures (others)
  A slave (D:5)
  A centaur (D:7)
  A jelly (D:7)
  An iguana (D:5)
4 creatures vanquished.

Grand Total: 196 creatures vanquished

Notes
Turn   | Place    | Note
--------------------------------------------------------------
     0 | D:1      | Scarto the Demonspawn Fighter began the quest for the Orb.
     0 | D:1      | Reached XP level 1. HP: 18/18 MP: 1/1
   578 | D:1      | Gained mutation: You regenerate a little health from kills. [demonic ancestry]
   578 | D:1      | Reached XP level 2. HP: 20/24 MP: 2/2
   652 | D:2      | Gained mutation: You are partially covered in yellow scales (AC +2). [demonic ancestry]
   652 | D:2      | Reached XP level 3. HP: 17/29 MP: 3/3
  1307 | D:3      | Reached XP level 4. HP: 36/36 MP: 4/4
  1744 | D:3      | Found a deep blue altar of Sif Muna.
  1781 | D:3      | Found a radiant altar of Vehumet.
  1930 | D:3      | Found a stormy altar of Qazlal.
  1932 | D:3      | Noticed Grinder
  1933 | D:3      | Found a glowing golden altar of the Shining One.
  1935 | D:3      | Found a snail-covered altar of Cheibriados.
  1951 | D:3      | Killed Grinder
  1951 | D:3      | Reached XP level 5. HP: 35/43 MP: 5/5
  1951 | D:3      | Gained mutation: Your flesh is cold resistant. [demonic ancestry]
  1951 | D:3      | Reached XP level 6. HP: 40/49 MP: 6/6
  1954 | D:3      | Found a white marble altar of Elyvilon.
  1966 | D:3      | Became a worshipper of Qazlal Stormbringer
  2112 | D:4      | Noticed Pikel
  2112 | D:4      | Noticed a slave
  2112 | D:4      | Noticed a slave
  2113 | D:4      | Noticed a slave
  2113 | D:4      | Noticed a slave
  2125 | D:4      | Paralysed by Pikel for 7 turns
  2136 | D:4      | Paralysed by Pikel for 3 turns
  2150 | D:4      | Killed Pikel
  2150 | D:4      | Reached skill level 5 in Fighting
  2150 | D:4      | Gained mutation: You regenerate health from kills. [demonic ancestry]
  2150 | D:4      | Reached XP level 7. HP: 29/56 MP: 6/9
  2182 | D:4      | Found a staircase to the Ecumenical Temple.
  2206 | D:4      | Found an iron altar of Okawaru.
  2448 | D:4      | Gained mutation: You have a pair of small antennae on your head. [demonic ancestry]
  2448 | D:4      | Reached XP level 8. HP: 63/63 MP: 10/10
  2776 | D:4      | Reached * piety under Qazlal
  2782 | D:4      | Found an ancient bone altar of Kikubaaqudgha.
  2828 | D:5      | Entered Level 5 of the Dungeon
  2857 | D:5      | Reached skill level 5 in Shields
  2892 | D:5      | Gained mutation: You are occasionally teleported next to monsters. [mutagenic meat]
  2913 | D:5      | Found a sparkling altar of Nemelex Xobeh.
  2986 | D:5      | Reached skill level 5 in Armour
  3003 | D:5      | Noticed Menkaure
  3010 | D:5      | Killed Menkaure
  3029 | D:5      | Noticed Prince Ribbit
  3302 | D:5      | Reached skill level 5 in Axes
  3302 | D:5      | Reached skill level 5 in Invocations
  3456 | D:5      | Noticed Crazy Yiuf
  3468 | D:5      | Killed Crazy Yiuf
  3626 | D:6      | Gained mutation: Armour fits poorly on your strangely shaped body. [potion of mutation]
  3626 | D:6      | Gained mutation: Your skin changes colour to match your surroundings (Stealth). [potion of mutation]
  3699 | D:6      | Killed Prince Ribbit
  3705 | D:6      | Gained mutation: You are immune to freezing clouds. [demonic ancestry]
  3705 | D:6      | Reached XP level 9. HP: 44/70 MP: 13/13
  3777 | D:6      | Found a bloodstained altar of Trog.
  3862 | D:6      | Found a glowing silver altar of Zin.
  3996 | D:6      | Found an opulent altar of Gozag.
  4446 | D:7      | Reached ** piety under Qazlal
  4774 | D:7      | Got a crude plate armour
  4785 | D:7      | Identified the cursed +0 plate armour of Inaction {rCorr} (You found it on level 7 of the Dungeon)
  4861 | D:7      | Found a sacrificial altar of Ru.
  5195 | D:7      | Found an oddly glowing altar of Pakellas.
  5195 | D:7      | Noticed an orange crystal statue
  5829 | D:8      | Reached *** piety under Qazlal
  5927 | D:8      | Reached XP level 10. HP: 36/78 MP: 15/15
  5942 | D:8      | Mangled by an orc warrior

Skill      XL: |  1  2  3  4  5  6  7  8  9 |
---------------+----------------------------+-----
Axes           | 2 3 4 5 6 |  6.3
Armour         | 3 4 5 6 |  6.6
Shields        | 3 4 5 6 |  6.6
Fighting       | 4 5 6 7 |  7.3
Invocations    | 2 3 5 7 |  7.2

Action                   |  1- 3 |  4- 6 |  7- 9 | 10-12 || total
-------------------------+-------+-------+-------+-------++-------
Melee: War axe           |   153 |   149 |   586 |    14 ||   902
Invok: Upheaval          |       |       |     1 |       ||     1
  Use: Scroll            |     6 |       |    11 |       ||    17
       Potion            |       |     1 |     8 |       ||     9
  Eat: Bread ration      |     2 |       |     2 |       ||     4
       Chunk             |       |       |     4 |       ||     4
       Meat ration       |       |       |     1 |       ||     1
       Royal jelly       |       |       |     1 |       ||     1
       Pizza             |       |       |     1 |       ||     1
       Beef jerky        |       |       |     1 |       ||     1
Armor: Scale mail        |    23 |       |       |       ||    23
       Chain mail        |    63 |   104 |   237 |       ||   404
       Plate armour      |       |       |    72 |     5 ||    77
Dodge: Dodged            |    31 |    42 |    58 |       ||   131
Block: Shield            |   108 |    98 |   175 |       ||   381
       Reflection        |     1 |       |     6 |       ||     7
       Large shield      |       |       |   379 |    16 ||   395
